TOP OF THE 1ST |
Marquette Miners batting - Pitching for Richland Rails : RHP Hirohisa Niiya
|
Pitching: RHP Hirohisa Niiya
|
|
Batting: RHB Sze Qi
|
0-0: Swinging Strike 0-1: Ball 1-1: Called Strike 1-2: Foul Ball, location: 2F 1-2: Ball 2-2: Strikes out swinging
|
Batting: RHB Jorge Japón
|
0-0: Ball 1-0: Ball 2-0: Called Strike 2-1: Foul Ball, location: 2F 2-2: Ball 3-2: Base on Balls
|
Batting: RHB Jesús Morán
|
0-0: Hit by Pitch Jorge Japón to second
|
Batting: RHB Brook Linen
|
0-0: Fly out, F9 (Flyball, 9S, EV 86.2 MPH)
|
Batting: SHB Adam Clements
|
0-0: Ball 1-0: Ball 2-0: Called Strike Balk! Jorge Japón to third Jesús Morán to second 2-1: Ball 3-1: Base on Balls
|
Batting: RHB Miguel Montés
|
0-0: Foul Ball, location: 2F 0-1: Fly out, F4 (Popup, 13S, EV 90.6 MPH)
|
Top of the 1st over - 0 runs, 0 hits, 0 errors, 3 left on base; Marquette 0 - Richland 0 |
BOTTOM OF THE 1ST |
Richland Rails batting - Pitching for Marquette Miners : RHP Kenko Nakano
|
Pitching: RHP Kenko Nakano
|
|
Batting: LHB Júlio Solís
|
0-0: Called Strike 0-1: Ball 1-1: Fly out, F7 (Flyball, 7, EV 93.8 MPH)
|
Batting: RHB Hsui-chuan Hong
|
0-0: Ball 1-0: Called Strike 1-1: Foul Ball, location: 2F 1-2: Fly out, F7 (Flyball, 78D, EV 84.4 MPH)
|
Batting: SHB Fa-hsien Tze
|
0-0: Ball 1-0: Foul Ball, location: 2F 1-1: Ball 2-1: Fly out, F8 (Flyball, 8RS, EV 93.1 MPH)
|
Bottom of the 1st over - 0 runs, 0 hits, 0 errors, 0 left on base; Marquette 0 - Richland 0 |
TOP OF THE 2ND |
Marquette Miners batting - Pitching for Richland Rails : RHP Hirohisa Niiya
|
Batting: LHB Lowell Evans
|
0-0: Called Strike 0-1: Foul Ball, location: 2F 0-2: Fly out, F7 (Flyball, 78M, EV 88.1 MPH)
|
Batting: RHB Zhen-bang Kwan
|
0-0: Called Strike 0-1: Ball 1-1: Ball 2-1: Ball 3-1: Base on Balls
|
Batting: LHB Vic Britt
|
0-0: Ball 1-0: Fly out, F8 (Line Drive, 8RM, EV 88.8 MPH)
|
Batting: RHB Sze Qi
|
0-0: Ball 1-0: Ball 2-0: Foul Ball, location: 2F 2-1: Ball 3-1: Foul Ball, location: 2F 3-2: Ground out 6-3 (Groundball, 6M, EV 77.5 MPH)
|
Top of the 2nd over - 0 runs, 0 hits, 0 errors, 1 left on base; Marquette 0 - Richland 0 |
BOTTOM OF THE 2ND |
Richland Rails batting - Pitching for Marquette Miners : RHP Kenko Nakano
|
Batting: LHB Tony Wonder
|
0-0: Called Strike 0-1: SINGLE (Flyball, 6D, EV 88.1 MPH)
|
Batting: RHB Ernesto Rivera
|
0-0: Called Strike 0-1: Ball 1-1: Swinging Strike 1-2: Foul Ball, location: 2F 1-2: Foul Ball, location: 2F 1-2: Fielders Choice at 2nd, 6-4 (Groundball, 56, EV 104.4 MPH)
|
Batting: RHB Bellmay Blake
|
0-0: Swinging Strike 0-1: Fly out, F7 (Flyball, 78S, EV 93.8 MPH)
|
Batting: RHB Falco Opsteegh
|
0-0: Ball 1-0: Ball 2-0: Ball 3-0: Base on Balls Ernesto Rivera to second
|
Batting: RHB Tak-wai Jia
|
0-0: Called Strike 0-1: Ball 1-1: Ball 2-1: Ball 3-1: Foul Ball, location: 2F 3-2: Base on Balls Ernesto Rivera to third Falco Opsteegh to second
|
Batting: RHB José Vargas
|
0-0: Fly out, F8 (Flyball, 89XD, EV 81.2 MPH)
|
Bottom of the 2nd over - 0 runs, 1 hit, 0 errors, 3 left on base; Marquette 0 - Richland 0 |
TOP OF THE 3RD |
Marquette Miners batting - Pitching for Richland Rails : RHP Hirohisa Niiya
|
Batting: RHB Jorge Japón
|
0-0: Swinging Strike 0-1: Fly out, F5 (Flyball, 5DF, EV 76.9 MPH)
|
Batting: RHB Jesús Morán
|
0-0: Ball 1-0: Ball 2-0: Called Strike 2-1: Ball 3-1: Ground out 4-3 (Groundball, 4, EV 93.1 MPH)
|
Batting: RHB Brook Linen
|
0-0: Ball 1-0: Ball 2-0: Foul Ball, location: 2F 2-1: Fly out, F7 (Flyball, 7, EV 90.6 MPH)
|
Top of the 3rd over - 0 runs, 0 hits, 0 errors, 0 left on base; Marquette 0 - Richland 0 |
BOTTOM OF THE 3RD |
Richland Rails batting - Pitching for Marquette Miners : RHP Kenko Nakano
|
Batting: LHB Júlio Solís
|
0-0: Ball 1-0: Ball 2-0: Foul Ball, location: 2F 2-1: Ball 3-1: Called Strike 3-2: Base on Balls
|
Batting: RHB Hsui-chuan Hong
|
0-0: SINGLE (Flyball, 34D, EV 100.0 MPH) Júlio Solís to second Runner from 2nd tries for 3rd, SAFE, throw by RF made to third
|
Batting: SHB Fa-hsien Tze
|
0-0: Called Strike 0-1: Ball 1-1: Ball 2-1: Foul Ball, location: 2F 2-2: Ball 3-2: Base on Balls Hsui-chuan Hong to second
|
Batting: LHB Tony Wonder
|
0-0: Ball 1-0: Called Strike 1-1: Foul Ball, location: 2F 1-2: Fly out, F7 (Flyball, 7LDF, EV 110.6 MPH) Runner from 3rd tags up, SCORES, no throw by LF Hsui-chuan Hong to third
|
Batting: RHB Ernesto Rivera
|
0-0: Grounds into double play, 1-4-3 (Groundball, P, EV 94.4 MPH)
|
Bottom of the 3rd over - 1 run, 1 hit, 0 errors, 1 left on base; Marquette 0 - Richland 1 |
TOP OF THE 4TH |
Marquette Miners batting - Pitching for Richland Rails : RHP Hirohisa Niiya
|
Batting: SHB Adam Clements
|
0-0: Ball 1-0: Called Strike 1-1: Foul Ball, location: 2F 1-2: Ball 2-2: Ball 3-2: Foul Ball, location: 2F 3-2: Foul Ball, location: 2F 3-2: Strikes out swinging
|
Batting: RHB Miguel Montés
|
0-0: Ball 1-0: Swinging Strike 1-1: Ball 2-1: Ball 3-1: Base on Balls
|
Batting: LHB Lowell Evans
|
0-0: Foul Ball, location: 2F 0-1: Ball 1-1: Called Strike 1-2: SINGLE (Groundball, 13S, EV 67.5 MPH) (infield hit) Miguel Montés to second
|
Pitching: RHP Fei-hsien Cuan
|
|
Batting: RHB Zhen-bang Kwan
|
0-0: Foul Ball, location: 2F 0-1: Ball 1-1: Swinging Strike 1-2: Strikes out swinging
|
Batting: LHB Vic Britt
|
0-0: Foul Ball, location: 2F 0-1: Ball 1-1: Called Strike 1-2: Ball 2-2: Ball 3-2: Foul Ball, location: 2F 3-2: Foul Ball, location: 2F 3-2: Foul Ball, location: 2F 3-2: Strikes out swinging
|
Top of the 4th over - 0 runs, 1 hit, 0 errors, 2 left on base; Marquette 0 - Richland 1 |
BOTTOM OF THE 4TH |
Richland Rails batting - Pitching for Marquette Miners : RHP Kenko Nakano
|
Batting: RHB Bellmay Blake
|
0-0: Swinging Strike 0-1: Ground out 6-3 (Groundball, 6, EV 77.5 MPH)
|
Batting: RHB Falco Opsteegh
|
0-0: Ball 1-0: Ball 2-0: Called Strike 2-1: Ball 3-1: Foul Ball, location: 2F 3-2: Foul Ball, location: 2F 3-2: Foul Ball, location: 2F 3-2: Base on Balls
|
Batting: RHB Tak-wai Jia
|
0-0: Swinging Strike 0-1: Fly out, F7 (Flyball, 78M, EV 76.2 MPH)
|
Batting: RHB José Vargas
|
0-0: Ball 1-0: Ball 2-0: Foul Ball, location: 2F 2-1: Ball 3-1: Base on Balls Falco Opsteegh to second
|
Batting: LHB Júlio Solís
|
0-0: Ball 1-0: Called Strike 1-1: Foul Ball, location: 2F 1-2: Foul Ball, location: 2F 1-2: Foul Ball, location: 2F 1-2: Fly out, F8 (Flyball, 8LXD, EV 105.0 MPH)
|
Bottom of the 4th over - 0 runs, 0 hits, 0 errors, 2 left on base; Marquette 0 - Richland 1 |
TOP OF THE 5TH |
Marquette Miners batting - Pitching for Richland Rails : RHP Fei-hsien Cuan
|
Batting: RHB Sze Qi
|
0-0: Called Strike 0-1: Foul Ball, location: 2F 0-2: Ball 1-2: Fly out, F7 (Flyball, 7S, EV 75.6 MPH)
|
Batting: RHB Jorge Japón
|
0-0: Called Strike 0-1: DOUBLE (Line Drive, 7LM, EV 100.6 MPH)
|
Batting: RHB Jesús Morán
|
0-0: Ball 1-0: Swinging Strike 1-1: Ground out 5-3 (Groundball, 5S, EV 75.0 MPH) Jorge Japón to third
|
Batting: RHB Brook Linen
|
0-0: Called Strike 0-1: Ground out 3-1 (Groundball, 34, EV 106.9 MPH)
|
Top of the 5th over - 0 runs, 1 hit, 0 errors, 1 left on base; Marquette 0 - Richland 1 |
BOTTOM OF THE 5TH |
Richland Rails batting - Pitching for Marquette Miners : RHP Kenko Nakano
|
Batting: RHB Hsui-chuan Hong
|
0-0: Ball 1-0: Called Strike 1-1: Bunt missed! 1-2: Ball 2-2: Foul Ball, location: 2F 2-2: Ball 3-2: Fly out, F8 (Line Drive, 8LD, EV 98.1 MPH)
|
Batting: SHB Fa-hsien Tze
|
0-0: Called Strike 0-1: Ball 1-1: Foul Ball, location: 2F 1-2: Fly out, F4 (Line Drive, 4, EV 73.1 MPH)
|
Batting: LHB Tony Wonder
|
0-0: Ball 1-0: Called Strike 1-1: Ground out 3-1 (Groundball, 34, EV 100.0 MPH)
|
Bottom of the 5th over - 0 runs, 0 hits, 0 errors, 0 left on base; Marquette 0 - Richland 1 |
TOP OF THE 6TH |
Marquette Miners batting - Pitching for Richland Rails : RHP Fei-hsien Cuan
|
Batting: SHB Adam Clements
|
0-0: Ball 1-0: Foul Ball, location: 2F 1-1: Ball 2-1: DOUBLE (Line Drive, 89M, EV 111.2 MPH)
|
Batting: RHB Miguel Montés
|
0-0: Ball 1-0: Ball 2-0: Called Strike 2-1: Ball 3-1: Base on Balls
|
Batting: LHB Lowell Evans
|
0-0: Sac Bunt to 2R - play at first, batter OUT! 2-4 Adam Clements to third Miguel Montés to second
|
Batting: RHB Zhen-bang Kwan
|
0-0: Called Strike 0-1: Called Strike 0-2: Ball 1-2: Strikes out swinging
|
Batting: LHB Vic Britt
|
0-0: Called Strike 0-1: Ball 1-1: Ball 2-1: SINGLE (Groundball, 34D, EV 100.0 MPH) Adam Clements scores Miguel Montés to third Runner from 3rd tries for Home, SAFE, throw by RF to home
|
Batting: RHB Sze Qi
|
0-0: Called Strike 0-1: Foul Ball, location: 2F 0-2: Ball 1-2: SINGLE (Groundball, 6MD, EV 96.9 MPH) Vic Britt to second Runner from 2nd tries for 3rd, SAFE, no throw by CF
|
Batting: RHB Jorge Japón
|
0-0: Ball 1-0: Ball 2-0: Foul Ball, location: 2F 2-1: Ball 3-1: Base on Balls Sze Qi to second
|
Batting: RHB Jesús Morán
|
0-0: Ball 1-0: Foul Ball, location: 2F 1-1: Swinging Strike 1-2: Strikes out swinging
|
Top of the 6th over - 2 runs, 3 hits, 0 errors, 3 left on base; Marquette 2 - Richland 1 |
BOTTOM OF THE 6TH |
Richland Rails batting - Pitching for Marquette Miners : RHP Kenko Nakano
|
Batting: RHB Ernesto Rivera
|
0-0: Ball 1-0: Ball 2-0: Ball 3-0: Base on Balls
|
Pitching: RHP Denny Bound
|
|
Batting: RHB Bellmay Blake
|
0-0: Bunted foul 0-1: Swinging Strike Ernesto Rivera steals 2nd, throwing error, E2 Ernesto Rivera to third 0-2: Ball 1-2: Hit by Pitch
|
Batting: RHB Falco Opsteegh
|
0-0: Ball 1-0: Swinging Strike 1-1: Foul Ball, location: 2F 1-2: Strikes out swinging
|
Batting: RHB Tak-wai Jia
|
0-0: Ball 1-0: Called Strike 1-1: Foul Ball, location: 2F 1-2: Fielders Choice at 2nd, 4-6 (Groundball, 4D, EV 87.5 MPH) Ernesto Rivera scores
|
Batting: RHB José Vargas
|
0-0: Fly out, F8 (Flyball, 8RM, EV 95.6 MPH)
|
Bottom of the 6th over - 1 run, 0 hits, 1 error, 1 left on base; Marquette 2 - Richland 2 |
TOP OF THE 7TH |
Marquette Miners batting - Pitching for Richland Rails : RHP Fei-hsien Cuan
|
Batting: RHB Brook Linen
|
0-0: Foul Ball, location: 2F 0-1: Swinging Strike 0-2: Ball 1-2: Foul Ball, location: 2F 1-2: Foul Ball, location: 2F 1-2: Ball 2-2: Strikes out looking
|
Batting: SHB Adam Clements
|
0-0: Called Strike 0-1: Swinging Strike 0-2: Ground out 4-3 (Groundball, 4, EV 83.1 MPH)
|
Batting: RHB Miguel Montés
|
0-0: Ball 1-0: Foul Ball, location: 2F 1-1: Ball 2-1: Foul Ball, location: 2F 2-2: Foul Ball, location: 2F 2-2: Ground out 1-3 (Groundball, 13S, EV 69.4 MPH)
|
Top of the 7th over - 0 runs, 0 hits, 0 errors, 0 left on base; Marquette 2 - Richland 2 |
BOTTOM OF THE 7TH |
Richland Rails batting - Pitching for Marquette Miners : RHP Denny Bound
|
Batting: LHB Júlio Solís
|
0-0: Fly out, F3 (Popup, 23F, EV 83.1 MPH)
|
Batting: RHB Hsui-chuan Hong
|
0-0: Foul Ball, location: 2F 0-1: Ball 1-1: Ball 2-1: Fly out, F8 (Flyball, 8LM, EV 88.1 MPH)
|
Batting: SHB Fa-hsien Tze
|
0-0: Swinging Strike 0-1: Ball 1-1: Called Strike 1-2: Fly out, F7 (Flyball, 78D, EV 108.1 MPH)
|
Bottom of the 7th over - 0 runs, 0 hits, 0 errors, 0 left on base; Marquette 2 - Richland 2 |
TOP OF THE 8TH |
Marquette Miners batting - Pitching for Richland Rails : RHP Fei-hsien Cuan
|
Pitching: RHP Stan Burgemeester
|
|
Batting: LHB Lowell Evans
|
0-0: Ball 1-0: Ball 2-0: Called Strike 2-1: Foul Ball, location: 2F 2-2: Foul Ball, location: 2F 2-2: Ground out 4-3 (Groundball, 34D, EV 100.6 MPH)
|
Batting: RHB Zhen-bang Kwan
|
0-0: Ball 1-0: Foul Ball, location: 2F 1-1: Ball 2-1: Foul Ball, location: 2F 2-2: Ball 3-2: Fly out, F8 (Flyball, 8RS, EV 93.1 MPH)
|
Batting: LHB Vic Britt
|
0-0: Swinging Strike 0-1: Swinging Strike 0-2: Ball 1-2: Ball 2-2: Strikes out swinging
|
Top of the 8th over - 0 runs, 0 hits, 0 errors, 0 left on base; Marquette 2 - Richland 2 |
BOTTOM OF THE 8TH |
Richland Rails batting - Pitching for Marquette Miners : RHP Denny Bound
|
Batting: LHB Tony Wonder
|
0-0: Called Strike 0-1: Ball 1-1: Ball 2-1: Fly out, F7 (Flyball, 7S, EV 96.2 MPH)
|
Batting: RHB Ernesto Rivera
|
0-0: Ball 1-0: Ball 2-0: SINGLE (Line Drive, 89S, EV 91.2 MPH)
|
Pitching: RHP Jorge Vega
|
|
Batting: RHB Bellmay Blake
|
0-0: Ball Ernesto Rivera steals 2nd base 1-0: Fly out, F6 (Flyball, 6MD, EV 80.0 MPH)
|
Batting: RHB Falco Opsteegh
|
0-0: Ball 1-0: Ball 2-0: Ball 3-0: Called Strike 3-1: SINGLE (Groundball, 6MD, EV 97.5 MPH) Ernesto Rivera to third Runner from 3rd tries for Home, SAFE, no throw by CF
|
Batting: RHB Tak-wai Jia
|
0-0: Ball 1-0: Ball 2-0: Ball 3-0: Base on Balls Falco Opsteegh to second
|
Batting: RHB José Vargas
|
0-0: Called Strike 0-1: Swinging Strike 0-2: Ball 1-2: Strikes out looking
|
Bottom of the 8th over - 1 run, 2 hits, 0 errors, 2 left on base; Marquette 2 - Richland 3 |
TOP OF THE 9TH |
Marquette Miners batting - Pitching for Richland Rails : RHP Stan Burgemeester
|
Pitching: RHP Chris Holmes
|
|
Now at SS: Francisco Rodríguez
|
|
Batting: RHB Sze Qi
|
0-0: Ball 1-0: Ground out 2-3 (Groundball, 2L, EV 66.2 MPH)
|
Batting: RHB Jorge Japón
|
0-0: Ball 1-0: Hit by Pitch
|
Batting: RHB Jesús Morán
|
0-0: Ball 1-0: Foul Ball, location: 2F 1-1: Ball 2-1: Ball 3-1: Base on Balls Jorge Japón to second
|
Batting: RHB Brook Linen
|
0-0: Ball 1-0: Ball 2-0: SINGLE (Groundball, 3, EV 101.9 MPH) (infield hit) Jorge Japón to third Jesús Morán to second
|
Batting: SHB Adam Clements
|
0-0: Called Strike 0-1: Ball 1-1: Fly out, F7 (Flyball, 7, EV 95.6 MPH) Throwing error, E7 Jorge Japón scores Jesús Morán to third Brook Linen to second
|
Pinch Hitting: LHB Tony Worley
|
0-0: Intentional Walk
|
Batting: LHB Lowell Evans
|
0-0: Foul Ball, location: 2F 0-1: Ball 1-1: Foul Ball, location: 2F 1-2: Ball 2-2: Strikes out swinging
|
Top of the 9th over - 1 run, 1 hit, 1 error, 3 left on base; Marquette 3 - Richland 3 |
BOTTOM OF THE 9TH |
Richland Rails batting - Pitching for Marquette Miners : RHP Jorge Vega
|
Now at C: Bill O'Halloran
|
|
Batting: LHB Júlio Solís
|
0-0: Ball 1-0: Fly out, F8 (Flyball, 8RD, EV 94.4 MPH)
|
Pinch Hitting: LHB Glenn Lockhart
|
0-0: Called Strike 0-1: Ball 1-1: Ball 2-1: Ground out 4-3 (Groundball, 34D, EV 104.4 MPH)
|
Pinch Hitting: RHB James Cooper
|
0-0: Ball 1-0: Foul Ball, location: 2F 1-1: Foul Ball, location: 2F 1-2: Fly out, F8 (Line Drive, 8RM, EV 99.4 MPH)
|
Bottom of the 9th over - 0 runs, 0 hits, 0 errors, 0 left on base; Marquette 3 - Richland 3 |
TOP OF THE 10TH |
Marquette Miners batting - Pitching for Richland Rails : RHP Chris Holmes
|
Pitching: LHP Pedro Durán
|
|
Now at 2B: Bill Albert
|
|
Now at SS: Corey Hines
|
|
Batting: RHB Zhen-bang Kwan
|
0-0: Called Strike 0-1: Ball 1-1: Called Strike 1-2: Foul Ball, location: 2F 1-2: Fly out, F6 (Popup, 6, EV 65.6 MPH)
|
Batting: LHB Vic Britt
|
0-0: Ground out 5-3 (Groundball, 56, EV 82.5 MPH)
|
Batting: RHB Sze Qi
|
0-0: Ball 1-0: Ball 2-0: Called Strike 2-1: Ball 3-1: Swinging Strike 3-2: Strikes out swinging
|
Top of the 10th over - 0 runs, 0 hits, 0 errors, 0 left on base; Marquette 3 - Richland 3 |
BOTTOM OF THE 10TH |
Richland Rails batting - Pitching for Marquette Miners : RHP Jorge Vega
|
Batting: LHB Tony Wonder
|
0-0: Called Strike 0-1: Ball 1-1: Ball 2-1: SINGLE (Line Drive, 5D, EV 98.1 MPH)
|
Batting: RHB Ernesto Rivera
|
0-0: Ball Tony Wonder steals 2nd base 1-0: Called Strike 1-1: Foul Ball, location: 2F 1-2: Ball 2-2: Foul Ball, location: 2F 2-2: Foul Ball, location: 2F 2-2: Hit by Pitch
|
Batting: RHB Bellmay Blake
|
0-0: Bunted foul 0-1: Ball 1-1: Bunted foul 1-2: Ball 2-2: Foul Ball, location: 2F 2-2: Fly out, F4 (Popup, 34, EV 43.8 MPH)
|
Batting: RHB Falco Opsteegh
|
0-0: SINGLE (Line Drive, 3D, EV 95.6 MPH) Tony Wonder to third Ernesto Rivera to second Runner from 3rd tries for Home, SAFE, throw by RF to home
|
|
Thursday, January 23rd, 2020 - OOTP Baseball 20.8 Build 74
|
|